 Dungeon Crawl Stone Soup version 0.15-a0-2198-g7f377d1 (webtiles) character file.

277 MrRokkomies the Bolt Thrower (level 6, -8/48 HPs)
             Began as a Formicid Hunter on July 23, 2014.
             Mangled by a goliath beetle (10 damage)
             ... on Level 4 of the Dungeon.
             The game lasted 00:11:21 (4142 turns).

MrRokkomies the Bolt Thrower (Formicid Hunter)      Turns: 4142, Time: 00:11:21

HP  -8/48        AC 11     Str 16      XL: 6   Next: 50%
MP   8/8         EV  8     Int 18      God:
Gold 220         SH  0     Dex 12      Spells:  0 memorised,  5 levels left

rFire  . . .     SeeInvis +     b - +0 cutlass
rCold  . . .     Clarity  .     d - +4 scale mail of the Countless Souls {rPois Dex-1 Int+3}
rNeg   . . .     rCorr    .     (no shield)
rPois  +         rRot     .     (helmet unavailable)
rElec  .         Spirit   .     k - +0 cloak
SustAb .         Warding  .     (no gloves)
rMut   .         Stasis   +     (no boots)
Gourm  .                        (no amulet)
MR     .....                    j - ring of stealth
                                g - +4 ring of intelligence

@: not resistant to hostile enchantments, very unstealthy
A: permanent stasis, dig shafts and tunnels, four strong arms, antennae 3
a: Dig, Shaft Self


You were on level 4 of the Dungeon.
You were hungry.

You visited 1 branch of the dungeon, and saw 4 of its levels.
You also visited: Sewer.

You collected 220 gold pieces.

Inventory:

Hand weapons
 a - a +2 hand crossbow
 b - a +0 cutlass (weapon)
 o - a +1 short sword of venom
Missiles
 c - 16 bolts
 n - 19 poisoned needles
Armour
 d - the +4 scale mail of the Countless Souls (worn) {rPois Dex-1 Int+3}
   (You found it in a sewer)

   It affects your intelligence (+3).
   It affects your dexterity (-1).
   It protects you from poison.
 k - a +0 cloak (worn)
Comestibles
 f - 3 bread rations
 m - a slice of pizza
 q - a rotting chunk of orc flesh
Scrolls
 h - a scroll of magic mapping
 l - 2 scrolls of remove curse
Jewellery
 g - a +4 ring of intelligence (left hand)
 j - a ring of stealth (right hand)
Potions
 e - a potion of cancellation
 i - a potion of beneficial mutation {unknown}


   Skills:
 + Level 3.8 Fighting
 * Level 6.4 Crossbows
 - Level 1.7 Dodging
 - Level 1.2 Stealth


You had 5 spell levels left.
You didn't know any spells.

Dungeon Overview and Level Annotations

Branches:
Dungeon (4/15)
 Temple: D:4-7

Altars:
Ashenzari
Cheibriados
Trog
Xom
Zin


Innate Abilities, Weirdness & Mutations

Your are under a permanent stasis effect.
You can dig through walls and to a lower floor.
Your four strong arms can wield two-handed weapons with a shield.
You have a pair of large antennae on your head (SInv).


Message History

The kobold is severely wounded.
The kobold hits you but does no damage. The goliath beetle bites you.
The kobold closely misses you.
You hit the kobold but do no damage.
The kobold is severely wounded.
The kobold hits you but does no damage.
You barely miss the kobold.
The kobold is heavily wounded.
The goliath beetle bites you! The kobold hits you but does no damage.
Your scale mail of the Countless Souls prevents you from hitting the kobold.
The kobold is heavily wounded.
The kobold hits you but does no damage. The goliath beetle bites you!
* * * LOW HITPOINT WARNING * * *
You hit the kobold.
The kobold is severely wounded.
The kobold hits you but does no damage.
Your scale mail of the Countless Souls prevents you from hitting the kobold.
The kobold is severely wounded.
The kobold hits you but does no damage. The goliath beetle bites you!
You die...

# ## ...
###....
#..####K.......
#....B@#
#.(.)### #...[
#...# #... #<.B
##. ..


You could see a goliath beetle and a kobold.

Vanquished Creatures
  A crocodile (Sewer)
  An orc wizard (D:3)
  4 gnolls (D:2)
  A green rat (D:3)
  4 adders
  A giant mite (D:2)
  3 giant geckos
  An ooze (D:3)
  6 orcs
  7 goblins
  4 hobgoblins
  6 jackals
  10 kobolds
  2 ball pythons
  13 bats
  3 giant cockroaches
  3 giant newts (D:1)
  6 rats
76 creatures vanquished.

Vanquished Creatures (others)
  3 orcs (D:3)
3 creatures vanquished.

Grand Total: 79 creatures vanquished

Notes
Turn   | Place    | Note
--------------------------------------------------------------
     0 | D:1      | MrRokkomies, the Formicid Hunter, began the quest for the Orb.
     0 | D:1      | Reached XP level 1. HP: 15/15 MP: 1/1
   364 | D:1      | Reached XP level 2. HP: 21/21 MP: 3/3
  1601 | D:2      | Reached XP level 3. HP: 22/27 MP: 4/4
  2046 | D:2      | Reached skill level 5 in Crossbows
  2046 | D:2      | Reached XP level 4. HP: 26/33 MP: 5/5
  2558 | D:2      | Reached XP level 5. HP: 38/40 MP: 7/7
  2869 | D:3      | Found a glowing drain.
  2895 | Sewer    | Entered a sewer
  2942 | Sewer    | Noticed a crocodile
  2960 | Sewer    | Killed a crocodile
  2960 | Sewer    | Reached skill level 6 in Crossbows
  2960 | Sewer    | Reached XP level 6. HP: 12/47 MP: 8/8
  3210 | Sewer    | Got a steaming scale mail
  3233 | Sewer    | Identified the +4 scale mail of the Countless Souls {rPois Dex-1 Int+3} (You found it in a sewer)
  3759 | D:3      | Found a bloodstained altar of Trog.
  3759 | D:3      | Found a shattered altar of Ashenzari.
  3759 | D:3      | Found a snail-covered altar of Cheibriados.
  3852 | D:3      | Noticed an angel
  3854 | D:3      | Found a shimmering altar of Xom.
  3855 | D:3      | Found a glowing silver altar of Zin.
  4140 | D:4      | HP: 1/48 [goliath beetle (17)]
  4142 | D:4      | Mangled by a goliath beetle

Action                   |  1- 3 |  4- 6 || total
-------------------------+-------+-------++-------
Melee: Short sword       |   124 |     3 ||   127
       Cutlass           |       |   171 ||   171
 Fire: Hand crossbow     |     6 |    41 ||    47
  Use: Scroll            |     3 |     4 ||     7
       Potion            |       |     4 ||     4
  Eat: Chunk             |     3 |     7 ||    10
